 Dungeon Crawl Stone Soup version 0.16.0 (webtiles) character file.

15063 Minkie the Grappler (level 12, -35/109 HPs)
             Began as a Naga Transmuter on Mar 19, 2015.
             Was the Champion of Cheibriados.
             Annihilated by a titanic slime creature (91 damage)
             ... on level 12 of the Dungeon.
             The game lasted 01:12:20 (11691 turns).

Minkie the Grappler (Naga Transmuter)              Turns: 11691, Time: 01:12:20

Health: -35/109    AC: 19    Str: 33    XL:     12   Next: 23%
Magic:  22/28      EV: 16    Int: 32    God:    Cheibriados [******]
Gold:   890        SH:  0    Dex: 27    Spells: 4 memorised, 12 levels left

rFire  x . .     SeeInvis +       - Unarmed
rCold  + + +     Clarity  .     c - melded +1 robe {MR+}
rNeg   + . .     SustAb   .     (shield currently unavailable)
rPois  +         Gourm    +     (helmet currently unavailable)
rElec  .         Spirit   .     (cloak currently unavailable)
rCorr  .         Warding  .     (gloves currently unavailable)
rMut   .         Stasis   .     (no barding)
MR     +....                    o - amulet of the gourmand
Stlth  ++........               G - ring "Ukhuobua" {rN+ Str+4}
                                e - +2 ring of slaying

@: icy armour, ice-form, very slow, somewhat resistant to hostile enchantments,
unstealthy
A: spit poison, see invisible, (deformed body), (poison resistance), (slowness
0), AC +4
a: Spit Poison, End Transformation, Bend Time, Temporal Distortion, Slouch, Step
From Time, Renounce Religion


You were on level 12 of the Dungeon.
You worshipped Cheibriados.
Cheibriados was exalted by your worship.
You were completely stuffed.
You were a creature of crystalline ice.
You visited 1 branch of the dungeon, and saw 12 of its levels.
You also visited: Ossuary.

You collected 980 gold pieces.
You spent 90 gold pieces at shops.

Inventory:

Hand weapons
 L - a +1 blowgun
Missiles
 l - 8 tomahawks (quivered)
 B - 3 curare-tipped needles
 M - 13 poisoned needles
Armour
 c - a +1 robe of magic resistance (melded)
 m - a +0 shield
 P - a +0 steam dragon armour
Magical staves
 U - an uncursed staff of earth {unknown}
Jewellery
 e - a +2 ring of slaying (left front paw)
 o - an amulet of the gourmand (around neck)
 t - an uncursed amulet of resist mutation
 u - an uncursed ring of wizardry
 v - an uncursed ring of invisibility
 G - the ring "Ukhuobua" (right front paw) {rN+ Str+4}
   (You found it on level 9 of the Dungeon)

   [ring of positive energy]

   It affects your strength (+4).
   It protects you from negative energy.
 Q - an uncursed ring of positive energy
Magical devices
 k - a wand of digging (16)
 n - a wand of teleportation (7)
 r - a wand of flame (34)
 S - a wand of cold (3)
Scrolls
 i - 3 scrolls of teleportation
 j - 5 scrolls of remove curse
 s - a scroll of recharging
 y - 2 scrolls of blinking
 z - 2 scrolls of amnesia
 C - 2 scrolls of identify
 H - 2 scrolls of magic mapping
 N - 2 scrolls of enchant weapon
 R - a scroll of fear
Potions
 b - 2 potions of restore abilities
 f - 12 potions of curing {unknown}
 h - a potion of brilliance
 q - 5 potions of heal wounds
 w - 2 potions of invisibility
 D - 3 potions of magic
 E - a potion of might
 K - a potion of agility
Books
 d - a book of Changes

   Spells                             Type                      Level
   a - Beastly Appendage              Transmutation                1
   b - Sticks to Snakes               Transmutation                2
   c - Spider Form                    Transmutation/Poison         3
   d - Ice Form                       Ice/Transmutation            4
   e - Blade Hands                    Transmutation                5
 I - a book of Frost

   Spells                             Type                      Level
   a - Freeze                         Ice                          1
   b - Throw Frost                    Conjuration/Ice              2
   c - Ozocubu's Armour               Charms/Ice                   3
   d - Throw Icicle                   Conjuration/Ice              4
   e - Summon Ice Beast               Ice/Summoning                4
   f - Condensation Shield            Ice                          4
 J - a book of Ice

   Spells                             Type                      Level
   a - Ice Form                       Ice/Transmutation            4
   b - Metabolic Englaciation         Hexes/Ice                    5
   c - Ozocubu's Refrigeration        Ice                          6
   d - Bolt of Cold                   Conjuration/Ice              6
   e - Freezing Cloud                 Conjuration/Ice/Air          6
   f - Simulacrum                     Ice/Necromancy               6
 T - a book of the Sky

   Spells                             Type                      Level
   a - Flight                         Charms/Air                   3
   b - Airstrike                      Air                          4
   c - Silence                        Hexes/Air                    5
   d - Deflect Missiles               Charms/Air                   6
   e - Conjure Ball Lightning         Conjuration/Air              6
   f - Tornado                        Air                          9
Miscellaneous
 O - a stone of tremors
Comestibles
 a - 8 bread rations
 g - 5 meat rations
 p - 2 slices of pizza
 x - 9 beef jerkies
 A - 2 fruits
 F - a royal jelly
 V - 3 chunks of flesh


   Skills:
 - Level 1.0 Fighting
 + Level 5.9 Dodging
 * Level 11.6 Unarmed Combat
 - Level 8.0 Spellcasting
 + Level 9.9 Transmutations
 + Level 6.2 Ice Magic
 - Level 2.0 Poison Magic


You had 12 spell levels left.
You knew the following spells:

 Your Spells              Type           Power        Failure   Level  Hunger
b - Spider Form           Trmt/Pois      ######....   1%          3    None
c - Ice Form              Ice/Trmt       ######..     1%          4    None
d - Blade Hands           Trmt           ######....   1%          5    ####...
e - Ozocubu's Armour      Chrm/Ice       ####....     3%          3    None


Dungeon Overview and Level Annotations

Branches:
Dungeon (12/15)            Temple (0/1) D:5            Lair (0/8) D:10
    Orc (0/4) D:12

Altars:
Cheibriados
Fedhas
Gozag
Kikubaaqudgha
Makhleb
Qazlal
Ru
Yredelemnul
The Shining One

Shops:
D:10 *   D:11 %   D:12 *


Innate Abilities, Weirdness & Mutations

You cannot wear boots.
You can spit poison.
((Your serpentine skin is tough (AC +4).))
You have supernaturally acute eyesight.
((Armour fits poorly on your strangely shaped body.))
((Your system is resistant to poisons.))
((You cover ground very slowly.))


Message History

The enormous slime creature closely misses you.
Two slime creatures merge to form a titanic slime creature.
You pummel the titanic slime creature!!!
You freeze the titanic slime creature.
The titanic slime creature is lightly wounded.
You pummel the titanic slime creature!!!
You freeze the titanic slime creature!
The titanic slime creature is heavily wounded.
You hit the titanic slime creature! You freeze the titanic slime creature.
The titanic slime creature is heavily wounded.
The titanic slime creature completely misses you.
You pummel the titanic slime creature!!!
You freeze the titanic slime creature!
The titanic slime creature is severely wounded.
The titanic slime creature hits you!!!
You barely miss the titanic slime creature.
The titanic slime creature is severely wounded.
The titanic slime creature hits you!!!!
Ouch! That really hurt!
You die...

#.# #.# #. #.# #.# #.
#.#######.########.
########.........#........
#.......########.#.##.....
#.#####.########.#.##.###.
#.# #..........#.##.# #<
### ########.###.##.# #.
#########Y####.#[#.##.####
#.....#..#J.#.#..#......#.
#.#...##..#...##......#.
#..#.#.##...#.##........
##.###.##.#.#.##.<....#.
###......##.##..##......#.
#.......#.....#.##.#######
#.##.##..#.#.##.##.####
#..#.##.##.##.#..#....#


You could see a titanic slime creature.

Vanquished Creatures
  The ghost of busb the Summoner, a powerful OpSu of Ru (D:11)
  3 unseen horrors
  A hill giant (D:12)
  The ghost of busb the Summoner, an experienced OpSu of Ru (D:8)
  A cyclops (D:12)
  2 slime creatures (D:12)
  2 manticores
  An ugly thing (D:11)
  Joseph (D:9)
  A centaur skeleton (D:10)
  A kobold demonologist (D:11)
  2 trolls (D:9)
  2 wyverns
  A trapdoor spider (D:12)
  3 deep elf magi
  A hill giant zombie (D:12)
  2 shadows
  The ghost of edsrzf the Sneak, an average FeWn (D:4)
  5 hungry ghosts
  2 hippogriffs
  A steam dragon (D:7)
  Edmund (D:5)
  Menkaure (D:6)
  3 orc warriors
  3 centaurs
  4 sky beasts
  2 necrophages (D:5)
  4 ice beasts
  6 ogres
  An eye of draining (D:12)
  A black bear (D:9)
  5 giant frogs
  2 crocodiles
  5 big kobolds
  A water moccasin zombie (D:12)
  11 killer bees
  2 troll zombies (D:12)
  A scorpion (D:11)
  4 wights (D:6)
  3 crimson imps
  A goliath beetle (D:5)
  6 hounds
  A quasit (D:6)
  A centaur zombie (D:5)
  A giant frog zombie (D:6)
  A gnoll shaman (D:4)
  9 orc priests
  3 iguanas
  A jelly (D:6)
  12 orc wizards
  4 worker ants
  Natasha (twice) (D:6)
  A killer bee zombie (D:9)
  2 big kobold zombies (Ossuary)
  3 ogre zombies (D:12)
  11 mummies
  A worker ant zombie (D:5)
  8 adders
  8 gnolls (D:4)
  2 worms
  3 giant geckos
  2 oozes
  44 orcs
  18 bats
  7 giant cockroaches
  2 gnoll zombies (Ossuary)
  11 goblins
  11 hobgoblins
  9 jackals
  41 kobolds
  11 quokkas
  A ball python (D:1)
  A ball python skeleton (D:5)
  2 giant gecko skeletons
  6 giant newts
  A giant spore (D:6)
  3 goblin skeletons (D:12)
  A hobgoblin skeleton (D:12)
  3 hobgoblin zombies (D:12)
  3 kobold zombies (Ossuary)
  2 orc skeletons (D:12)
  11 orc zombies
  A quokka zombie (D:8)
  13 rats
  3 ballistomycetes (D:6)
383 creatures vanquished.

Notes
Turn   | Place    | Note
--------------------------------------------------------------
     0 | D:1      | Minkie, the Naga Transmuter, began the quest for the Orb.
     0 | D:1      | Reached XP level 1. HP: 18/18 MP: 3/3
   182 | D:1      | Reached XP level 2. HP: 23/25 MP: 4/4
   822 | D:1      | Reached XP level 3. HP: 22/31 MP: 6/6
   827 | D:1      | Learned a level 3 spell: Spider Form
  1292 | D:2      | Found a sacrificial altar of Ru.
  1295 | D:2      | Reached skill level 1 in Poison Magic
  1304 | D:2      | Reached XP level 4. HP: 26/38 MP: 7/9
  2636 | D:3      | Reached XP level 5. HP: 27/44 MP: 7/11
  3133 | D:4      | Reached skill level 4 in Transmutations
  3169 | D:4      | Reached XP level 6. HP: 34/51 MP: 5/13
  3174 | D:4      | Noticed edsrzf's ghost (average FeWn)
  3356 | D:4      | Killed edsrzf's ghost
  3426 | D:4      | Reached XP level 7. HP: 57/57 MP: 13/17
  3470 | D:4      | Noticed an ogre
  3475 | D:4      | Killed an ogre
  3475 | D:4      | Reached skill level 5 in Transmutations
  3481 | D:4      | Learned a level 4 spell: Ice Form
  3493 | D:4      | Learned a level 5 spell: Blade Hands
  3726 | D:4      | Found a stormy altar of Qazlal.
  3733 | D:4      | Reached skill level 1 in Ice Magic
  4008 | D:5      | Entered Level 5 of the Dungeon
  4055 | D:5      | Found a snail-covered altar of Cheibriados.
  4103 | D:5      | Became a worshipper of Cheibriados the Contemplative
  4475 | D:5      | Noticed Edmund
  4511 | D:5      | Killed Edmund
  4511 | D:5      | Reached skill level 5 in Unarmed Combat
  4511 | D:5      | Reached skill level 5 in Spellcasting
  4511 | D:5      | Reached XP level 8. HP: 64/64 MP: 16/20
  4747 | D:5      | Found a staircase to the Ecumenical Temple.
  4979 | D:5      | Acquired Cheibriados' first power
  5064 | D:5      | Learned a level 3 spell: Ozocubu's Armour
  5083 | D:6      | Noticed Menkaure
  5089 | D:6      | Killed Menkaure
  5300 | D:6      | Reached skill level 6 in Transmutations
  5513 | D:6      | Found a burning altar of Makhleb.
  5515 | D:6      | Noticed an Executioner
  5520 | D:6      | Noticed an orange demon
  5520 | D:6      | Noticed an orange demon
  5701 | D:6      | Noticed Natasha
  5704 | D:6      | Killed Natasha
  5745 | D:6      | Found an ancient bone altar of Kikubaaqudgha.
  5746 | D:6      | Found a basalt altar of Yredelemnul.
  5818 | D:6      | Reached XP level 9. HP: 70/70 MP: 18/22
  5853 | D:6      | Noticed Natasha
  5858 | D:6      | Killed Natasha
  6052 | D:6      | Acquired Cheibriados' second power
  6126 | D:7      | Reached skill level 7 in Transmutations
  6411 | D:7      | Found a blossoming altar of Fedhas.
  6785 | D:7      | Acquired Cheibriados' third power
  7148 | D:8      | Found a sand-covered staircase.
  7149 | D:8      | Noticed busb's ghost (experienced OpSu)
  7152 | D:8      | Noticed a manticore
  7155 | D:8      | Noticed a lindwurm
  7155 | D:8      | Killed busb's ghost
  7155 | D:8      | Reached skill level 8 in Unarmed Combat
  7391 | Ossuary  | Entered an ossuary
  7416 | Ossuary  | Reached XP level 10. HP: 78/78 MP: 11/25
  7436 | Ossuary  | Acquired Cheibriados' fourth power
  8583 | D:9      | Got a heavily runed steel ring
  8598 | D:9      | Reached skill level 9 in Unarmed Combat
  8600 | D:9      | Identified the ring "Ukhuobua" {rN+ Str+4} (You found it on level 9 of the Dungeon)
  8617 | D:9      | Noticed Joseph
  8626 | D:9      | Killed Joseph
  8916 | D:9      | Found a glowing golden altar of the Shining One.
  9039 | D:9      | Found a blossoming altar of Fedhas.
  9218 | D:10     | Entered Level 10 of the Dungeon
  9393 | D:10     | Noticed an unseen horror
  9395 | D:10     | Killed an unseen horror
  9395 | D:10     | Reached XP level 11. HP: 84/84 MP: 22/27
  9458 | D:10     | Found a staircase to the Lair.
  9565 | D:10     | Found Strellon's General Store.
  9580 | D:10     | Bought 3 scrolls of identify for 90 gold pieces
  9731 | D:11     | Noticed busb's ghost (powerful OpSu)
  9735 | D:11     | Killed busb's ghost
  9735 | D:11     | Reached skill level 10 in Unarmed Combat
  9745 | D:11     | Found Woulid's Food Shop.
  9900 | D:11     | Noticed an unseen horror
  9904 | D:11     | Killed an unseen horror
  9915 | D:11     | Reached skill level 5 in Dodging
 10308 | D:11     | Reached skill level 5 in Ice Magic
 10481 | D:12     | Noticed a hill giant
 10491 | D:12     | Killed a hill giant
 10523 | D:12     | Found an opulent altar of Gozag.
 10524 | D:12     | Found Gozag's Platinum Reserve.
 10667 | D:12     | Found a staircase to the Orcish Mines.
 10716 | D:12     | Reached skill level 11 in Unarmed Combat
 11128 | D:12     | Noticed an unseen horror
 11131 | D:12     | Killed an unseen horror
 11131 | D:12     | Reached XP level 12. HP: 91/91 MP: 20/28
 11691 | D:12     | Annihilated by a titanic slime creature

Action                   |  1- 3 |  4- 6 |  7- 9 | 10-12 || total
-------------------------+-------+-------+-------+-------++-------
Melee: Unarmed           |    92 |   125 |   289 |   283 ||   789
Throw: Tomahawk          |       |     1 |     1 |       ||     2
 Cast: Spider Form       |       |     6 |    33 |     3 ||    42
       Ozocubu's Armour  |       |       |    10 |    31 ||    41
       Ice Form          |       |       |    11 |    39 ||    50
       Blade Hands       |       |       |     2 |       ||     2
Invok: Slouch            |       |       |       |     1 ||     1
 Abil: Spit Poison       |     4 |    11 |       |       ||    15
  Use: Scroll            |     1 |       |    16 |    14 ||    31
 Stab: Sleeping          |     1 |       |     1 |     4 ||     6
       Distracted        |       |       |     1 |     1 ||     2
  Eat: Chunk             |     1 |    18 |    13 |    13 ||    45
